cohdb
Replays
Latest Replays
All Replays
Popular Replays
Top Player Replays
Match Explorer
How It Works
Community
CoH3 Stats
Reddit
Sign in to upload your games and track your stats! →
Sign in with Steam
Match 34181485
Unlisted
Match 34181485
Overview
Messages
Build Orders
End
Selects Australian Defense Battlegroup
Selects Australian Light Infantry Section
Australian Light Infantry Section
Australian Light Infantry Section
Australian Light Infantry Section
Construct Section Command Post
Construct Platoon Command Post
Humber Armored Car
Construct Field Infirmary
Humber Armored Car
Selects 2-pounder Anti-tank Gun Team
Infantry Training
2-pounder Anti-tank Gun Team
Humber Armored Car
2-pounder Anti-tank Gun Team
Humber Armored Car
6-pounder Anti-tank Gun Team
Team Weapon Training
jiro
HellCats
0
0
Comments
sign in to comment!
No comments posted yet!